 Dungeon Crawl Stone Soup version 0.28.0-53-g5a82cb258f (webtiles) character file.

Game seed: 7705771111197803678

28 Druoop the Ducker (level 2, 0/14 HPs)
             Began as a Felid Monk on June 28, 2022.
             Slain by a jackal (3 damage)
             ... on level 1 of the Dungeon.
             The game lasted 00:06:21 (1544 turns).

Druoop the Ducker (Felid Monk)                      Turns: 1544, Time: 00:06:22

Health: 0/14       AC:  1    Str: 13    XL:     2   Next: 96%
Magic:  3/3        EV: 19    Int: 11    God:
Gold:   16         SH:  0    Dex: 18    Spells: 1/1 levels left
                                        Lives:  0   Deaths: 0

rFire   + . .      SeeInvis +     - Unarmed
rCold   x . .      Faith    .   (shield unavailable)
rNeg    . . .      Spirit   .   (armour unavailable)
rPois   .          Reflect  .   (helmet unavailable)
rElec   .          Harm     .   (cloak unavailable)
rCorr   .          Rampage  .   (gloves unavailable)
Will    .....                   (boots unavailable)
Stlth   +++.......              (no amulet)
HPRegen 0.04/turn               a - +6 ring of strength
MPRegen 0.08/turn               c - ring of fire

@: quick
A: very small, claws 1, fangs 3, see invisible, speed 1, shaggy fur 1, stealthy
paws, no weapons or thrown items, no armour, multi-lived
a: no special abilities


You were on level 1 of the Dungeon.
You visited 1 branch of the dungeon, and saw 1 of its levels.

You collected 16 gold pieces.

Inventory:

Hand Weapons
 h - a +0 short sword
Armour
 e - a +0 leather armour
 g - a +0 ring mail
Jewellery
 a - a +6 ring of strength (left paw)
 c - a ring of fire (right paw)
Scrolls
 f - a scroll of brand weapon {unknown}
Potions
 b - a potion of brilliance {unknown}
 d - a potion of lignification {unknown}


   Skills:
 + Level 3.3 Fighting
 + Level 4.4 Dodging
 + Level 3.4 Stealth
 + Level 3.2 Unarmed Combat


You had one spell level left.
You didn't know any spells.
Your spell library contained the following spells:

 Spells                   Type           Power      Damage    Failure   Level
 Slow                     Hex            0%         N/A       34%         1
 Confusing Touch          Hex            0%         N/A       71%         3
 Vampiric Draining        Necr           0%         2d6       71%         3


Dungeon Overview and Level Annotations

Branches:
Dungeon (1/15)

Altars:


Innate Abilities, Weirdness & Mutations

You have sharp claws.
You have razor-sharp teeth.
You have supernaturally acute eyesight. (SInv)
You cover ground quickly. (Speed+)
You are covered in fur. (AC +1)
Your paws help you pounce on unaware monsters.
You are incapable of wielding weapons or throwing items.
You cannot wear armour.
You gain extra lives every three experience levels.


Message History

The jackal misses you.
You see here a bat corpse.
The jackal misses you.
There is a stone staircase leading down here.
The jackal bites you.
* * * LOW HITPOINT WARNING * * *
You see here a hobgoblin skeleton.
You see here a bat skeleton.
The jackal closely misses you.
The jackal pauses to sniff the ground.
The jackal closely misses you.
Things that are here:
a +0 short sword; 4 stones The jackal closely misses you. x2
The jackal misses you. The jackal bites you.
* * * LOW HITPOINT WARNING * * *
The jackal closely misses you. The jackal misses you. The jackal misses you.
Really walk into a travel-excluded area? [Y]es or [N]o only, please.
Really walk into a travel-excluded area? [Y]es or [N]o only, please.
Really walk into a travel-excluded area? [Y]es or [N]o only, please.
Really walk into a travel-excluded area? [Y]es or [N]o only, please.
Really walk into a travel-excluded area?
Uppercase [Y]es or [N]o only, please.
Really walk into a travel-excluded area?
Okay, then.
Really walk into a travel-excluded area?
Unknown command.
You enter the shallow water.
Moving in this stuff is going to be slow.
The jackal misses you.
Unknown command.
You completely miss the jackal. Your bite misses the jackal.
The jackal bites you.
You die...

#.....####........#..>#
#.....#.......†.....#.#
#.........####....###.#
#.........# #....# .# ####
#####.....####....###.#
...#######..>..................#
...............#'##....##......#
.........≈.....#.#.....##.......
.........≈....hh@#.....##.....##
....(..≈≈≈......)....####.......
......≈≈≈≈≈......#......#.......
...≈≈≈≈≈≈≈≈....).######.###.....
.≈≈≈≈≈≈≈≈§≈≈........# #.# .#...
≈≈≈≈≈≈≈≈§§≈≈≈...###.# #.#
≈≈≈≈≈≈≈≈≈§≈≈≈≈......# #.#
.≈≈≈≈≈§≈≈≈≈≈≈≈≈.##### ###
...§.§§§≈≈≈≈≈≈≈.#


You could see 2 jackals.

Vanquished Creatures
  A dart slug (D:1)
  An endoplasm (D:1)
  2 giant cockroaches (D:1)
  2 hobgoblins (D:1)
  4 jackals (D:1)
  2 quokkas (D:1)
  A ball python (D:1)
  3 bats (D:1)
  A goblin (D:1)
  2 kobolds (D:1)
  5 rats (D:1)
24 creatures vanquished.

Notes
Turn   | Place    | Note
-------+----------+-------------------------------------------
     0 | D:1      | Druoop the Felid Monk began the quest for the Orb.
     0 | D:1      | Reached XP level 1. HP: 10/10 MP: 2/2
   450 | D:1      | Reached XP level 2. HP: 14/14 MP: 3/3
  1544 | D:1      | Slain by a jackal

Illustrated notes

Levels and vault maps discovered:
D:1:      nagdon_arrival_zigzag_paths, layout_basic, minivault_25,
          minmay_misc_feat_chi, lemuel_old_faithful

Skill      XL: |  1 |
---------------+----+-----
Stealth        | 3 |  3.4
Fighting       | |  3.3
Dodging        | |  4.4
Unarmed Combat | |  3.2

Action                   || total
-------------------------++-------
Melee: Unarmed           ||    69
       Bite              ||     4
       Punch             ||     2
 Stab: Sleeping          ||     1
Armor: Skin              ||     5
Dodge: Dodged            ||    67
